 Dungeon Crawl Stone Soup version 0.16.2-12-gd0ad4c3 (webtiles) character file.

1269 Kloppie the Ruffian (level 8, -15/124 HPs)
             Began as a Troll Berserker on Oct 28, 2015.
             Was a Priest of Trog.
             Demolished by a wight
             ... wielding a cursed +1 halberd
              (16 damage)
             ... on level 6 of the Dungeon.
             The game lasted 00:08:01 (4090 turns).

Kloppie the Ruffian (Troll Berserker)               Turns: 4090, Time: 00:08:02

Health: -15/124    AC:  5    Str: 31    XL:     8   Next: 28%
Magic:  3/3        EV:  9    Int:  3    God:    Trog [***...]
Gold:   276        SH:  0    Dex: 11    Spells: 0 memorised, 7 levels left

rFire  . . .     SeeInvis .       - Unarmed
rCold  . . .     Clarity  .     b - +0 animal skin
rNeg   . . .     SustAb   .     (shield restricted)
rPois  .         Gourm    +     (helmet restricted)
rElec  .         Spirit   .     (no cloak)
rCorr  .         Warding  .     (gloves unavailable)
rMut   .         Stasis   .     (boots unavailable)
MR     ++...                    (no amulet)
Stlth  ..........               (no ring)
                                (no ring)

@: berserking, regenerating, heavily drained, very quick, very resistant to
hostile enchantments, extremely unstealthy
A: unfitting armour, claws 3, fast metabolism 3, gourmand, regeneration 2,
shaggy fur 1, tough skin 2
a: Burn Spellbooks, Berserk, Trog's Hand, Renounce Religion


You were on level 6 of the Dungeon.
You worshipped Trog.
Trog was most pleased with you.
You were very full.

You visited 1 branch of the dungeon, and saw 6 of its levels.

You collected 276 gold pieces.

Inventory:

Armour
 b - a +0 animal skin (worn)
Jewellery
 p - a cursed ring of teleportation {unknown}
 x - an uncursed amulet of resist mutation {unknown}
Magical devices
 t - a wand of polymorph (3)
Scrolls
 e - 3 scrolls of noise {unknown}
 g - 3 scrolls of enchant weapon {unknown}
 i - 2 scrolls of identify {unknown}
 k - a scroll of magic mapping {unknown}
 m - 2 scrolls of teleportation {unknown}
 n - 5 scrolls of remove curse {unknown}
 o - 2 scrolls of enchant armour {unknown}
 s - 4 scrolls of recharging {unknown}
 y - a scroll of fog {unknown}
Potions
 d - 2 potions of lignification {unknown}
 f - 2 potions of curing {unknown}
 h - a potion of agility {unknown}
 j - a potion of invisibility {unknown}
 l - a potion of beneficial mutation {unknown}
 q - a potion of might {unknown}
 r - a potion of restore abilities {unknown}
 w - a potion of brilliance {unknown}
 z - a potion of heal wounds {unknown}
 A - a potion of ambrosia {unknown}
Books
 B - a book of Summonings

   Spells                             Type                      Level
   a - Abjuration                     Summoning                    3
   b - Recall                         Summoning/Translocation      3
   c - Shadow Creatures               Summoning                    5
   d - Summon Demon                   Summoning                    5
   e - Summon Forest                  Summoning/Translocation      5
   f - Monstrous Menagerie            Summoning                    6
   Trog disapproves of the use of such an item.
Comestibles
 a - 7 meat rations
 c - a beef jerky
 u - 2 bread rations
 v - 5 fruits
 C - a slice of pizza
 D - 3 chunks of flesh


   Skills:
 + Level 6.2(4.5) Fighting
 - Level 1.5(0.0) Armour
 - Level 1.5(0.0) Dodging
 + Level 7.9(6.1) Unarmed Combat


You had 7 spell levels left.
You didn't know any spells.

Dungeon Overview and Level Annotations

Branches:
Dungeon (6/15)
 Temple: D:4-7

Altars:
Elyvilon


Innate Abilities, Weirdness & Mutations

You are too large for most types of armour.
You have claws for hands.
Your metabolism is lightning-fast.
You like to eat raw meat.
You heal very quickly.
You are covered in fur (AC +1).
You have very tough skin (AC +2).


Message History

Use which ability? (? or * to list)
A red film seems to cover your vision as you go berserk!
You feel yourself moving faster!
You feel mighty!
You feel quite a bit less full. The wight barely misses you.
The wight barely misses you.
The wight hits you with an enchanted halberd!
* * * LOW HITPOINT WARNING * * *
You feel drained.
* * * LOW HITPOINT WARNING * * *
Unknown command.
You claw the wight!
The wight is heavily damaged.
You scratch the wight.
The wight is severely damaged.
The wight hits you with a spear.
* * * LOW HITPOINT WARNING * * *
The wight hits you with a morningstar.
* * * LOW HITPOINT WARNING * * *
The wight hits you with an enchanted halberd!
You die...

. ...######
.....(...#
..........#
...........###
.............
...........#
#......z).<.#
#......z@...#
#......z....#
...........#
############


You could see 3 wights.

Vanquished Creatures
  Eustachio (D:5)
  A water moccasin (D:4)
  2 centaurs (D:5)
  A sky beast (D:5)
  An ogre (D:5)
  A scorpion (D:4)
  A water moccasin skeleton (D:6)
  2 wights (D:6)
  An iron imp (D:5)
  A hound (D:4)
  3 orc priests
  3 orc wizards
  3 worker ants
  A hound zombie (D:5)
  4 gnolls
  3 river rats (D:5)
  A giant mite (D:2)
  4 adders
  A shadow imp (D:5)
  A worm (D:3)
  4 giant geckos
  2 oozes
  11 orcs
  A ball python (D:3)
  11 bats
  7 giant cockroaches
  9 goblins
  8 hobgoblins
  2 quokkas
  A ball python zombie (D:1)
  A giant cockroach zombie (D:1)
  10 kobolds
  13 rats
116 creatures vanquished.

Notes
Turn   | Place    | Note
--------------------------------------------------------------
     0 | D:1      | Kloppie, the Troll Berserker, began the quest for the Orb.
     0 | D:1      | Reached XP level 1. HP: 22/22 MP: 1/1
   132 | D:1      | Reached XP level 2. HP: 29/29 MP: 1/1
   367 | D:1      | Reached XP level 3. HP: 29/36 MP: 2/2
   920 | D:2      | Acquired Trog's second power
  1045 | D:2      | Reached skill level 4 in Unarmed Combat
  1220 | D:2      | Reached XP level 4. HP: 45/45 MP: 2/2
  1973 | D:3      | Reached XP level 5. HP: 43/53 MP: 2/2
  2245 | D:4      | Reached skill level 5 in Unarmed Combat
  2291 | D:4      | Noticed a water moccasin
  2295 | D:4      | Killed a water moccasin
  2295 | D:4      | Reached XP level 6. HP: 57/62 MP: 3/3
  2943 | D:4      | Reached skill level 6 in Unarmed Combat
  3112 | D:5      | Entered Level 5 of the Dungeon
  3171 | D:5      | Found a white marble altar of Elyvilon.
  3187 | D:5      | Noticed Eustachio
  3191 | D:5      | Received a gift from Trog
  3191 | D:5      | Reached XP level 7. HP: 61/71 MP: 3/3
  3192 | D:5      | Reached skill level 5 in Fighting
  3268 | D:5      | Killed Eustachio
  3348 | D:5      | Reached skill level 7 in Unarmed Combat
  3786 | D:5      | Reached XP level 8. HP: 71/83 MP: 3/3
  4088 | D:6      | HP: 4/124 [wight/enchanted halberd (5)]
  4090 | D:6      | HP: 1/124 [wight/morningstar (4)]
  4090 | D:6      | Demolished by a wight

Action                   |  1- 3 |  4- 6 |  7- 9 || total
-------------------------+-------+-------+-------++-------
Melee: Unarmed           |    92 |   112 |    96 ||   300
Invok: Berserk           |       |     1 |     1 ||     2
       Trog's Hand       |       |       |     1 ||     1
  Eat: Chunk             |    14 |    17 |    11 ||    42
